 Dungeon Crawl Stone Soup version 0.25-a0-781-gc44aebf4fe (webtiles) character file.

Game seed: 2775922800118440078, levelgen mode: deterministic

9349 vishdafish the Ruffian (level 11, -4/107 HPs)
             Began as a Troll Fighter on Apr 15, 2020.
             Was an Elder of Yredelemnul.
             Killed from afar by a wretched star (29 damage)
             ... with a lance of force
             ... on level 2 of the Abyss.
             The game lasted 00:19:14 (7685 turns).

vishdafish the Ruffian (Troll Fighter)              Turns: 7685, Time: 00:19:15

Health: -4/107     AC:  6    Str: 29    XL:     11   Next: 21%
Magic:  12/12      EV: 10    Int:  0    God:    Yredelemnul [****..]
Gold:   400        SH: 10    Dex:  5    Spells: 10/10 levels left

rFire    . . .     SeeInvis .     - Unarmed
rCold    . . .     Gourm    +   b - +0 kite shield
rNeg     . . .     Faith    .   a - +0 robe
rPois    .         Spirit   .   (helmet restricted)
rElec    .         Reflect  .   f - scarf {repulsion}
rCorr    .         Harm     .   (gloves unavailable)
MR       +....                  (boots unavailable)
Stlth    +.........             (no amulet)
HPRegen  0.00/turn              n - +1 ring of protection
MPRegen  0.13/turn              o - ring of protection from magic

@: non-regenerating, diseased, hasted and slowed, lost intelligence, repel
missiles
A: large, unfitting armour, claws 3, [clumsy 2], [deformed body], [dopey 2],
fast metabolism 3, gourmand, [low mp 2], regeneration 1, shaggy fur 1, tough
skin 3
a: Recall Undead Slaves, Injury Mirror, Animate Dead, Drain Life, Renounce
Religion


You were on level 2 of the Abyss.
You worshipped Yredelemnul.
Yredelemnul was greatly pleased with you.
You were not hungry.

You visited 1 branch of the dungeon, and saw 11 of its levels.
You visited the Abyss 1 time.

You collected 400 gold pieces.

Inventory:

Missiles
 k - 50 poisoned darts (quivered)
Armour
 a - a +0 robe (worn)
 b - a +0 kite shield (worn)
 f - a scarf of repulsion (worn)
 y - a +0 cloak
Jewellery
 n - a +1 ring of protection (left claw)
 o - a ring of protection from magic (right claw)
 s - an uncursed ring of flight
 B - an uncursed ring of positive energy
 C - an uncursed ring of ice
 D - a +5 ring of intelligence
 H - an uncursed ring of protection from magic
Wands
 t - a wand of digging (10)
 u - a wand of random effects (20)
 G - a wand of paralysis (9)
 N - a wand of iceblast (9)
Scrolls
 c - a scroll of immolation {unknown}
 e - 3 scrolls of noise
 i - 3 scrolls of teleportation
 l - 6 scrolls of remove curse
 p - 2 scrolls of fog {unknown}
 q - 4 scrolls of amnesia {unknown}
 x - a scroll of fear {unknown}
 E - 3 scrolls of enchant armour {unknown}
 I - a scroll of holy word {unknown}
 J - a scroll of blinking {unknown}
 M - a scroll of magic mapping {unknown}
Potions
 g - 2 potions of curing
 h - a potion of flight
 j - a potion of degeneration {unknown}
 r - 3 potions of lignification
 v - a potion of cancellation {unknown}
 z - a potion of haste
 A - 2 potions of invisibility {unknown}
 K - a potion of magic {unknown}
Comestibles
 d - 13 rations


   Skills:
 + Level 6.8 Fighting
 - Level 4.0 Throwing
 + Level 6.8 Dodging
 + Level 6.7 Shields
 + Level 7.7 Unarmed Combat
 * Level 7.3 Invocations


You had 10 spell levels left.
You didn't know any spells.
Your spell library was empty.

Dungeon Overview and Level Annotations

Branches:
Dungeon (11/15)            Temple (0/1) D:4            Lair (0/6) D:10
    Orc: D:9-12

Altars:
Dithmenos
Kikubaaqudgha
Okawaru
Qazlal
Ru
Vehumet
Xom
Yredelemnul
Zin
The Shining One

Shops:
D:10 =

Annotations:
D:6 1 runed translucent door, emiel's ghost, novice DDFi
D:11 Sonja


Innate Abilities, Weirdness & Mutations

You are too large for most types of armour.
You have claws for hands.
Your metabolism is lightning-fast.
You like to eat raw meat.
Your natural rate of healing is unusually fast.
You are covered in fur. (AC +1)
You have extremely tough skin. (AC +3)
[You are very clumsy. (Dex -4)]
[Armour fits poorly on your strangely shaped body.]
[You are very dopey. (Int -4)]
[Your magical capacity is very low. (-20% MP)]


Message History

You slam into the granite statue!
* * * LOW HITPOINT WARNING * * *
You almost manage to decipher the scroll, but fail in this attempt.
The great orb of eyes bites you!
* * * LOW HITPOINT WARNING * * *
The wretched star glows turbulently.
The lance of force is repelled.
You feel much better. The great orb of eyes gazes at you.
You resist with some effort.
You claw the wretched star!
The wretched star is moderately damaged.
Your extra speed is starting to run out.
You feel a little less mighty now. The great orb of eyes bites you.
* * * LOW HITPOINT WARNING * * *
The wretched star glows turbulently.
The lance of force hits you!!
You die...
Your body rises from the dead as a mindless zombie.

#+# #.## .8.#
# #.## #
##.##.##G##$#
..≈..8.@8..≈#
##.##.##.##.#
# #*# $.)
#####


You could see a wretched star and a great orb of eyes.

Vanquished Creatures
  A hydra (D:10)
  A two-headed ogre (D:10)
  Joseph (D:7)
  A kobold demonologist (D:9)
  An ancient zyme (Abyss:2)
  2 trolls (D:9)
  3 raiju (Abyss:2)
  2 dream sheep (D:10)
  2 hippogriffs (D:8)
  Sigmund (D:3)
  A wyvern (D:9)
  2 yaks (D:10)
  4 hungry ghosts
  3 wargs (D:10)
  4 ice beasts
  An orc warrior (D:6)
  A phantom (D:6)
  6 ogres
  A crocodile (D:8)
  A centaur (D:5)
  18 big kobolds
  4 bullfrogs
  Blork the orc (D:6)
  A wyvern zombie (D:6)
  A scorpion (D:7)
  3 killer bees (D:9)
  5 howler monkeys
  3 crimson imps (D:8)
  3 jellies
  A centaur skeleton (D:4)
  3 hounds
  3 orc priests
  11 orc wizards
  Ijyb (D:3)
  2 iguanas
  6 worker ants
  A hound skeleton (D:5)
  8 gnolls
  A worker ant zombie (D:7)
  14 adders
  3 shadow imps
  3 worms
  2 dart slugs
  6 leopard geckos
  29 orcs
  4 bats
  3 giant cockroaches
  5 goblins
  7 hobgoblins
  5 jackals
  29 kobolds
  5 quokkas
  2 ball pythons (D:1)
  A frilled lizard (D:2)
  5 rats
238 creatures vanquished.

Vanquished Creatures (others)
  A warg zombie (D:10)
  A yak zombie (D:10)
  A yak skeleton (D:10)
  A bullfrog skeleton (D:10)
  A big kobold zombie (D:10)
  An ogre skeleton (D:10)
  A mummy (D:10)
  2 orc zombies (D:10)
9 creatures vanquished.

Grand Total: 247 creatures vanquished

Notes
Turn   | Place    | Note
-------+----------+-------------------------------------------
     0 | D:1      | vishdafish the Troll Fighter began the quest for the Orb.
     0 | D:1      | Reached XP level 1. HP: 22/22 MP: 0/0
    71 | D:1      | Reached XP level 2. HP: 29/29 MP: 1/1
   614 | D:2      | Reached XP level 3. HP: 31/36 MP: 2/2
   699 | D:2      | Found a shadowy altar of Dithmenos.
   813 | D:2      | Reached XP level 4. HP: 15/44 MP: 3/3
   816 | D:2      | Reached skill level 1 in Throwing
  1093 | D:2      | Found a stormy altar of Qazlal.
  1096 | D:2      | Noticed an earth elemental
  1097 | D:2      | Noticed a water elemental
  1097 | D:2      | Noticed a fire elemental
  1097 | D:2      | Noticed an air elemental
  1238 | D:3      | Found an iron altar of Okawaru.
  1238 | D:3      | Found a basalt altar of Yredelemnul.
  1238 | D:3      | Found a glowing silver altar of Zin.
  1270 | D:3      | Noticed Ijyb
  1279 | D:3      | Became a worshipper of Yredelemnul the Dark
  1327 | D:3      | Killed Ijyb
  1327 | D:3      | Reached XP level 5. HP: 53/53 MP: 4/4
  1439 | D:3      | Noticed Sigmund
  1568 | D:4      | Reached XP level 6. HP: 61/61 MP: 5/5
  1638 | D:4      | Reached * piety under Yredelemnul
  1763 | D:4      | Noticed an ice beast
  1773 | D:4      | Killed an ice beast
  1817 | D:4      | Reached XP level 7. HP: 68/68 MP: 6/6
  1883 | D:4      | Found a glowing golden altar of the Shining One.
  2081 | D:4      | Found a staircase to the Ecumenical Temple.
  2117 | D:5      | Entered Level 5 of the Dungeon
  2414 | D:3      | Reached XP level 8. HP: 63/78 MP: 7/7
  2526 | D:3      | Killed Sigmund
  2943 | D:6      | Found a runed translucent door.
  2943 | D:6      | Noticed emiel's ghost (novice DDFi)
  3009 | D:6      | Noticed Blork the orc
  3021 | D:6      | Reached skill level 5 in Unarmed Combat
  3026 | D:6      | Killed Blork the orc
  3073 | D:6      | Reached ** piety under Yredelemnul
  3102 | D:6      | Reached skill level 1 in Invocations
  3199 | D:6      | Reached skill level 5 in Dodging
  3220 | D:6      | Reached skill level 5 in Shields
  3789 | D:7      | Found a shimmering altar of Xom.
  3815 | D:7      | Reached XP level 9. HP: 87/87 MP: 9/9
  3930 | D:7      | Reached skill level 5 in Fighting
  4066 | D:7      | Found a sacrificial altar of Ru.
  4066 | D:7      | Found a radiant altar of Vehumet.
  4102 | D:7      | Noticed Joseph
  4490 | D:7      | Killed Joseph
  4844 | D:8      | Found an ancient bone altar of Kikubaaqudgha.
  5343 | D:8      | Reached *** piety under Yredelemnul
  5673 | D:9      | Noticed a troll
  5686 | D:9      | Killed a troll
  5686 | D:9      | Reached XP level 10. HP: 69/98 MP: 12/12
  5807 | D:9      | Reached skill level 5 in Invocations
  6428 | D:10     | Entered Level 10 of the Dungeon
  6685 | D:10     | Found a staircase to the Lair.
  6691 | D:10     | Reached **** piety under Yredelemnul
  6911 | D:10     | Received a gift from Yredelemnul (a mummy)
  6991 | D:10     | Noticed a three-headed hydra
  7002 | D:10     | Killed a three-headed hydra
  7002 | D:10     | Reached XP level 11. HP: 79/107 MP: 15/15
  7376 | D:10     | Noticed a two-headed ogre
  7382 | D:10     | Killed a two-headed ogre
  7407 | D:10     | Found Logax's Jewellery Shop.
  7478 | D:11     | Noticed Sonja
  7482 | D:11     | Cast into level 2 of the Abyss (Sonja)
  7495 | Abyss:2  | Found a corrupted altar of Lugonu.
  7643 | Abyss:2  | Found a corrupted altar of Lugonu.
  7655 | Abyss:2  | Noticed a thrashing horror
  7656 | Abyss:2  | Noticed a thrashing horror
  7665 | Abyss:2  | Noticed a wretched star
  7667 | Abyss:2  | Noticed a great orb of eyes
  7678 | Abyss:2  | Lost intelligence.
  7685 | Abyss:2  | Killed from afar by a wretched star

Levels and vault maps discovered:
D:1:      dpeg_arrival_pits, layout_rooms, minmay_heptomino_h4
D:2:      layout_loops_ring, nicolae_dithmenos_shadow_blocks,
          nicolae_qazlal_style_of_elements
D:3:      layout_rooms, chequers_temple_overflow_statue_of_worship,
          first_ration, uniq_sigmund, uniq_ijyb
D:4:      layout_basic, lemuel_coloured_pillars_altar,
          minmay_temple_entry_antechambers
D:5:      layout_loops_corners, lemuel_crystal_altar,
          makhleb_blood_cavern_becter, kennysheep_mini, roderic_malta_cross,
          roderic_serpentine_path
D:6:      layout_loops_ring, gammafunk_ghost_grave, st_stairs_6,
          uniq_blork_the_orc
D:7:      layout_loops_ring, gammafunk_temple_overflow_wave, basic_altar,
          eino_small_chamber_without_monster, uniq_joseph
D:8:      layout_cave_pods, kiku_gazebo_pond_becter
D:9:      layout_roguey [special_room_kobold]
D:10:     layout_loops_corners, erik_lair_orcish_takeover, serial_shops, shop,
          hangedman_ranch [blue_anna_fruit_fields]
D:11:     layout_small_grid, minmay_fractal_squares_diagonal_5, uniq_nergalle,
          uniq_fannar, uniq_josephine, uniq_sonja
Abyss:2:  base: D:9, gammafunk_abyss_exit_x_factor, hangedman_cross_veins

Skill      XL: |  1  2  3  4  5  6  7  8  9 10 11 |
---------------+----------------------------------+-----
Dodging        | 3 4 5 6 |  6.8
Throwing       | 1 2 3 4 |  4.0
Shields        | 3 4 5 6 |  6.7
Fighting       | 3 4 5 6 |  6.8
Unarmed Combat | 3 4 5 6 7 |  7.7
Invocations    | 1 4 6 7 |  7.3

Action                   |  1- 3 |  4- 6 |  7- 9 | 10-12 || total
-------------------------+-------+-------+-------+-------++-------
Melee: Unarmed           |   106 |   124 |   359 |   288 ||   877
Throw: Dart              |       |       |    15 |       ||    15
       Large rock        |       |       |       |    10 ||    10
Invok: Injury Mirror     |       |       |     1 |       ||     1
       Animate Dead      |       |       |       |     8 ||     8
  Use: Potion            |     1 |       |       |     7 ||     8
       Scroll            |       |     3 |     1 |     5 ||     9
 Stab: Sleeping          |     1 |       |       |     1 ||     2
       Invisible         |       |       |       |     2 ||     2
  Eat: Chunk             |     4 |     9 |    37 |    16 ||    66
       Ration            |       |       |     4 |     2 ||     6
Armor: Robe              |    34 |    31 |    81 |    71 ||   217
Dodge: Dodged            |    40 |    34 |    97 |   116 ||   287
       Deflected         |       |       |     3 |    14 ||    17
Block: Kite shield       |    71 |    37 |   150 |   145 ||   403

Table legend:
 A = Non-vault XP
 B = Vault XP
 C = Vault XP percentage of total XP
 D = Non-vault monster count
 E = Vault monster count
 F = Vault count percentage of total count
                 A         B        C        D         E       F
            +---------+---------+-------+---------+---------+-------
      Total |    8253 |    5104 |  38.2 |     185 |      53 |  22.3
            +---------+---------+-------+---------+---------+-------
        D:1 |      25 |       4 |  13.8 |      12 |       3 |  20.0
        D:2 |     115 |       0 |   0.0 |      22 |       0 |   0.0
        D:3 |     247 |     270 |  52.2 |      24 |       2 |   7.7
        D:4 |     782 |       0 |   0.0 |      20 |       0 |   0.0
        D:5 |     306 |       0 |   0.0 |       4 |       0 |   0.0
        D:6 |     990 |      89 |   8.2 |      28 |       2 |   6.7
        D:7 |     437 |     430 |  49.6 |      10 |       1 |   9.1
        D:8 |    1563 |       0 |   0.0 |      24 |       0 |   0.0
        D:9 |    1563 |    1596 |  50.5 |      19 |      27 |  58.7
       D:10 |    1440 |    2388 |  62.4 |      19 |      17 |  47.2
    Abyss:2 |     785 |     327 |  29.4 |       3 |       1 |  25.0
            +---------+---------+-------+---------+---------+-------
